 Dungeon Crawl Stone Soup version 0.24.0-37-gcf1ca852f1 (webtiles) character file.

Game seed: 43419140209801077, levelgen mode: deterministic

14718 Curus the Spear-Bearer (level 12, -3/100 HPs)
             Began as a Merfolk Gladiator on Nov 30, 2019.
             Was the Champion of Okawaru.
             Killed from afar by a rime drake (28 damage)
             ... with a flash freeze
             ... on level 3 of the Lair of Beasts on Dec 1, 2019.
             The game lasted 01:13:50 (9704 turns).

Curus the Spear-Bearer (Merfolk Gladiator)          Turns: 9704, Time: 01:13:51

Health: -3/100     AC: 11    Str: 14    XL:     12   Next: 19%
Magic:  17/17      EV: 22    Int:  9    God:    Okawaru [******]
Gold:   775        SH:  8    Dex: 19    Spells: 11/11 levels left

rFire    . . .     SeeInvis .   a - +4 trident
rCold    . . .     Gourm    .   g - +2 buckler
rNeg     . . .     Faith    .   b - +0 leather armour
rPois    .         Spirit   .   c - +0 helmet
rElec    .         Reflect  .   w - +0 cloak
rCorr    +         Harm     .   x - +2 pair of gloves
MR       .....                  y - +0 pair of boots
Stlth    +.........             q - amulet of regeneration
HPRegen  0.66/turn              v - +2 ring of protection
MPRegen  0.15/turn              i - ring of resist corrosion

@: no status effects
A: change form in water, swift swim, stealthy swim
a: Heroism, Finesse, Renounce Religion


You were on level 3 of the Lair of Beasts.
You worshipped Okawaru.
Okawaru was exalted by your worship.
You were not hungry.

You visited 2 branches of the dungeon, and saw 12 of its levels.
You also visited: Ossuary.

You collected 775 gold pieces.

Inventory:

Hand Weapons
 a - a +4 trident (weapon)
 I - a +2 glaive of protection
Missiles
 d - 3 throwing nets (quivered)
Armour
 b - a +0 leather armour (worn)
 c - a +0 helmet (worn)
 g - a +2 buckler (worn)
 r - a scarf of spirit shield
 w - a +0 cloak (worn)
 x - a +2 pair of gloves (worn)
 y - a +0 pair of boots (worn)
 J - a scarf of repulsion
Jewellery
 e - an uncursed amulet of the acrobat
 h - an uncursed ring of magical power
 i - a ring of resist corrosion (right hand)
 q - an amulet of regeneration (around neck)
 s - an uncursed ring of magical power
 v - a +2 ring of protection (left hand)
 z - an uncursed amulet of faith
 G - an uncursed ring of attention
 H - a +2 ring of evasion
Wands
 t - a wand of flame (19)
 F - a wand of digging (9)
 K - a wand of polymorph (6)
 M - a wand of paralysis (3)
 N - a wand of iceblast (18)
Scrolls
 j - 4 scrolls of remove curse
 l - 2 scrolls of magic mapping
 m - 6 scrolls of teleportation
 n - 12 scrolls of identify
 p - 2 scrolls of fog
 A - 4 scrolls of amnesia
 C - 3 scrolls of enchant weapon
 D - 2 scrolls of blinking
Potions
 k - 9 potions of curing
 o - 4 potions of resistance
 u - 3 potions of cancellation
 B - 2 potions of haste
 E - a potion of berserk rage
 L - a potion of invisibility
 O - a potion of agility
Comestibles
 f - 13 rations


   Skills:
 + Level 11.0 Fighting
 - Level 14.9 Polearms
 - Level 2.0 Throwing
 + Level 13.0 Dodging
 - Level 4.2 Shields
 - Level 7.0 Invocations
 - Level 3.0 Evocations


You had 11 spell levels left.
You didn't know any spells.
Your spell library contained the following spells:

 Spells                   Type           Power        Failure   Level  Hunger
 Animate Skeleton         Necr           N/A          45%         1    ##.....
 Apportation              Tloc           #.....       45%         1    ##.....
 Confusing Touch          Hex            #.....       45%         1    ##.....
 Summon Small Mammal      Summ           #...         45%         1    ##.....
 Bolt of Magma            Conj/Fire/Erth #.........   100%        5    ######.
 Iskenderun's Battlesphe  Conj/Chrm      #.......     100%        5    ######.
 Venom Bolt               Conj/Pois      #.........   100%        5    ######.
 Iron Shot                Conj/Erth      #.........   100%        6    #######
 Orb of Destruction       Conj           #.........   100%        7    #######
 Spellforged Servitor     Conj/Summ      #.........   100%        7    #######


Dungeon Overview and Level Annotations

Branches:
Dungeon (9/15)             Temple (0/1) D:4            Lair (3/6) D:9
 Spider (0/4) Lair:3      Ossuary (visited)
  Swamp: Lair:2-4    Shoals: Lair:2-4       Orc: D:9-12

Altars:
Cheibriados
Dithmenos
Makhleb
Okawaru
Sif Muna
Wu Jian

Annotations:
Lair:1 2 transporters, Vew Pil's ghost, journeyman DrTm


Message History

You closely miss the rime drake.
The rime drake is heavily wounded.
The rime drake completely misses you.
You hit the rime drake.
The rime drake is heavily wounded.
The rime drake bites you but does no damage.
You puncture the rime drake!
The rime drake is almost dead.
The rime drake completely misses you.
You hit the rime drake but do no damage.
The rime drake is almost dead.
You barely miss the rime drake.
The rime drake is almost dead.
You block the rime drake's attack.
You hit the rime drake.
The rime drake is almost dead.
The ice encasing you melts away. The rime drake breathes ice at you.
The flash freeze hits you!!
You die...

#..###............
...
..........†....... .#
.....#............
##.
........†##...#... #.
.........#†#...###.#
.
#...###P..#.#.#..#.#
#
......!...##.......##
###..
.......P.....>.....P#
...P.
..........##..@##..
......
.........##†..#k#
......
#......+.###..##..
......
#+..#.#...#.... #...
#.##..
................
..... # #...
..............#.#
...# ##..
..............# ..#
#.. .......... ..#
P..


You could see a rime drake.

Vanquished Creatures
  2 hydras
  A death yak (Lair:1)
  Pikel (D:4)
  4 black mambas
  6 spiny frogs
  A komodo dragon (Lair:2)
  3 hippogriffs
  A dream sheep (Lair:1)
  Grinder (D:3)
  Sigmund (D:3)
  2 wyverns
  11 yaks
  A basilisk (Lair:3)
  A hungry ghost (D:7)
  7 water moccasins
  5 porcupines
  2 orc warriors (D:7)
  2 sky beasts
  An ice beast (D:7)
  A phantom (D:9)
  A black bear (D:6)
  2 ogres
  2 centaurs
  8 crocodiles
  A big kobold (D:7)
  10 bullfrogs
  Blork the orc (D:5)
  A water moccasin skeleton (D:5)
  6 scorpions
  6 howler monkeys
  A bullfrog zombie (D:5)
  5 centaur zombies
  3 crimson imps
  6 hounds
  A centaur skeleton (D:7)
  A jelly (D:5)
  3 orc priests
  4 bullfrog skeletons
  A human zombie (Ossuary)
  13 orc wizards
  Crazy Yiuf (D:5)
  Ijyb (D:3)
  An iguana (D:9)
  8 worker ants
  A big kobold zombie (Ossuary)
  A hound skeleton (D:4)
  2 mummies (Ossuary)
  13 adders
  3 gnolls (D:7)
  2 shadow imps
  2 oozes (D:4)
  2 adder zombies
  2 adder skeletons
  A worm (D:2)
  7 leopard geckos
  20 orcs
  A ball python (D:2)
  8 giant cockroaches
  6 goblins
  4 hobgoblins
  4 jackals (D:2)
  7 quokkas
  4 bats
  5 frilled lizards
  A giant cockroach zombie (D:5)
  2 goblin zombies (Ossuary)
  10 hobgoblin zombies (Ossuary)
  11 kobolds
  7 kobold zombies (Ossuary)
  10 orc zombies (Ossuary)
  A quokka skeleton (D:4)
  7 rats
  A rat zombie (Ossuary)
286 creatures vanquished.

Vanquished Creatures (others)
  An orc wizard (D:4)
  A fungus (Lair:2)
  3 plants
5 creatures vanquished.

Grand Total: 291 creatures vanquished

Notes
Turn   | Place    | Note
-------+----------+-------------------------------------------
     0 | D:1      | Curus the Merfolk Gladiator began the quest for the Orb.
     0 | D:1      | Reached XP level 1. HP: 16/16 MP: 1/1
   136 | D:1      | Reached skill level 5 in Polearms
   160 | D:1      | Reached XP level 2. HP: 18/22 MP: 2/2
   770 | D:2      | Reached skill level 6 in Polearms
   770 | D:2      | Reached XP level 3. HP: 27/27 MP: 3/3
  1164 | D:2      | Reached skill level 7 in Polearms
  1164 | D:2      | Reached XP level 4. HP: 28/33 MP: 4/4
  1419 | D:3      | Found an iron altar of Okawaru.
  1421 | D:3      | Found a snail-covered altar of Cheibriados.
  1423 | D:3      | Found a shadowy altar of Dithmenos.
  1429 | D:3      | Became a worshipper of Warmaster Okawaru
  1496 | D:3      | Noticed Sigmund
  1594 | D:3      | Noticed Grinder
  1646 | D:4      | Reached skill level 8 in Polearms
  1646 | D:4      | Reached XP level 5. HP: 9/38 MP: 5/5
  1865 | D:4      | Found a staircase to the Ecumenical Temple.
  1979 | D:4      | Reached skill level 9 in Polearms
  2019 | D:4      | Reached XP level 6. HP: 34/44 MP: 6/6
  2065 | D:4      | Reached * piety under Okawaru
  2371 | D:3      | Killed Grinder
  2371 | D:3      | Reached skill level 11 in Polearms
  2371 | D:3      | Reached XP level 7. HP: 25/50 MP: 7/7
  2467 | D:3      | Killed Sigmund
  2648 | D:3      | Noticed Ijyb
  2667 | D:3      | Killed Ijyb
  2781 | D:4      | Reached skill level 12 in Polearms
  3093 | D:5      | Entered Level 5 of the Dungeon
  3116 | D:5      | Reached XP level 8. HP: 56/56 MP: 8/8
  3124 | D:5      | Reached ** piety under Okawaru
  3154 | D:5      | Reached skill level 13 in Polearms
  3240 | D:5      | Noticed Pikel
  3247 | D:5      | Noticed Blork the orc
  3282 | D:4      | Killed Pikel
  3282 | D:4      | Reached skill level 14 in Polearms
  3430 | D:5      | Killed Blork the orc
  3430 | D:5      | Reached *** piety under Okawaru
  3430 | D:5      | Reached XP level 9. HP: 34/63 MP: 9/9
  3498 | D:5      | Found a shimmering blue altar of Sif Muna.
  3519 | D:5      | Reached skill level 5 in Dodging
  3521 | D:5      | Identified Sif Muna's Catalogue of Displacement
  3902 | D:5      | Found a runed translucent door.
  3903 | D:5      | Noticed Crazy Yiuf
  4092 | D:5      | Killed Crazy Yiuf
  4452 | D:6      | Reached skill level 5 in Fighting
  4703 | D:7      | Reached **** piety under Okawaru
  5022 | D:7      | Received a gift from Okawaru
  5051 | D:7      | Found an ornate altar of the Wu Jian Council.
  5343 | D:7      | Reached XP level 10. HP: 73/79 MP: 10/10
  5629 | D:8      | Found a sand-covered staircase.
  5658 | Ossuary  | Entered an ossuary
  5960 | D:8      | Received a gift from Okawaru
  5967 | D:8      | Reached skill level 10 in Dodging
  6019 | D:8      | Found a burning altar of Makhleb.
  7048 | D:9      | Found a staircase to the Lair.
  7089 | D:9      | Reached ***** piety under Okawaru
  7219 | Lair:1   | Entered Level 1 of the Lair of Beasts
  7261 | Lair:1   | Reached skill level 1 in Invocations
  7270 | Lair:1   | Noticed a moth of wrath
  7275 | Lair:1   | Noticed a spiny frog
  7303 | Lair:1   | Noticed a spiny frog
  7304 | Lair:1   | Noticed a black mamba
  7304 | Lair:1   | Noticed a spiny frog
  7317 | Lair:1   | Killed a spiny frog
  7317 | Lair:1   | Reached skill level 1 in Shields
  7321 | Lair:1   | Killed a spiny frog
  7323 | Lair:1   | Killed a black mamba
  7323 | Lair:1   | Reached XP level 11. HP: 76/89 MP: 9/13
  7332 | Lair:1   | Received a gift from Okawaru
  7547 | Lair:1   | Reached skill level 5 in Invocations
  7680 | Lair:1   | Found a transporter.
  7688 | Lair:1   | Found a transporter.
  7692 | Lair:1   | Noticed Vew Pil's ghost (journeyman DrTm)
  7736 | Lair:1   | Reached skill level 1 in Evocations
  7876 | Lair:1   | Noticed a death yak
  7901 | Lair:1   | Killed a death yak
  7901 | Lair:1   | Received a gift from Okawaru
  8313 | Lair:2   | Received a gift from Okawaru
  8384 | Lair:2   | Noticed a five-headed hydra
  8403 | Lair:2   | Killed a five-headed hydra
  8639 | Lair:2   | Reached ****** piety under Okawaru
  9124 | Lair:3   | Received a gift from Okawaru
  9191 | Lair:3   | Reached skill level 10 in Fighting
  9418 | Lair:3   | Noticed a five-headed hydra
  9428 | Lair:3   | Killed a five-headed hydra
  9428 | Lair:3   | Reached XP level 12. HP: 39/99 MP: 17/17
  9616 | Lair:3   | Found a hole to the Spider Nest.
  9704 | Lair:3   | Killed from afar by a rime drake

Levels and vault maps discovered:
D:1:      dpeg_arrival_connections, layout_loops_cross, corner_web_ring
D:2:      layout_basic
D:3:      layout_rooms, grunt_temple_overflow_open, uniq_grinder, uniq_sigmund,
          uniq_ijyb
D:4:      layout_cave_pools, lemuel_temple_firewalk_b, first_ration,
          minmay_a_box_with_orc_wizards_in_it
D:5:      layout_cave_pools, led_sif_book, serial_bayou_pond_d,
          minmay_joined_circles, uniq_crazy_yiuf_cottage, uniq_blork_the_orc,
          uniq_pikel
D:6:      layout_rooms
D:7:      layout_basic, nicolae_overflow_crystal_walls,
          chequers_serial_rivers_micro_b
D:8:      layout_loops_ring, nicolae_overflow_hidden_temple, enter_ossuary_1
D:9:      layout_roguey, lair_entry_dummy, minmay_statue_crystal_thing
Lair:1:   layout_chaotic_city, gammafunk_ghost_berserking_beasts,
          serial_bayou_pond_a, minmay_shattered_shrine
Lair:2:   layout_regular_city
Lair:3:   layout_chaotic_city, nicolae_spider_entry_non_spiders,
          chequers_serial_rivers_micro_a, beast_lair_carwin_8,
          grunt_megastairs_1

Skill      XL: |  1  2  3  4  5  6  7  8  9 10 11 12 |
---------------+-------------------------------------+-----
Polearms       | 5 6 7 8 9 11 12 14 | 14.9
Fighting       | 3 7 9 10 11 | 11.0
Dodging        | 9 11 12 13 | 13.0
Invocations    | 3 7 |  7.0
Shields        | 3 4 |  4.2
Evocations     | 3 |  3.0
Throwing       | |  2.0

Action                   |  1- 3 |  4- 6 |  7- 9 | 10-12 || total
-------------------------+-------+-------+-------+-------++-------
Melee: Trident           |   112 |   142 |   436 |   765 ||  1455
Throw: Throwing net      |       |     1 |       |     1 ||     2
Invok: Heroism           |       |       |     1 |     4 ||     5
Evoke: Wand              |       |       |       |     2 ||     2
  Use: Potion            |     6 |     2 |     1 |     4 ||    13
       Scroll            |     7 |     1 |     8 |     6 ||    22
 Stab: Sleeping          |       |     4 |     1 |     5 ||    10
       Distracted        |       |       |     3 |     1 ||     4
       Held in net/web   |       |       |       |     1 ||     1
  Eat: Chunk             |     1 |     4 |    10 |     8 ||    23
       Ration            |       |       |       |     2 ||     2
Armor: Leather armour    |    23 |    12 |    41 |    65 ||   141
Dodge: Dodged            |    67 |    62 |   137 |   329 ||   595
Block: Buckler           |    16 |    20 |    46 |   103 ||   185
